 Dungeon Crawl Stone Soup version 0.27-a0-1188-g73eefd5def (webtiles) character file.

Game seed: 1793256268628192779

2094 kae the Cleaver (level 9, -2/83 HPs)
             Began as a Hill Orc Fighter on May 20, 2021.
             Was an Initiate of Qazlal.
             Slain by a flying skull (7 damage)
             ... on level 2 of the Abyss.
             The game lasted 00:05:09 (6730 turns).

kae the Cleaver (Hill Orc Fighter)                  Turns: 6730, Time: 00:05:10

Health: -2/83      AC:  6    Str: 28    XL:     9   Next: 27%
Magic:  9/10       EV: 11    Int:  8    God:    Qazlal [......]
Gold:   407        SH: 10    Dex: 10    Spells: 8/8 levels left

rFire    . . .     SeeInvis .   a - +1 war axe
rCold    . . .     Faith    .   c - +0 kite shield
rNeg     . . .     Spirit   .   b - +0 scale mail
rPois    .         Reflect  .   (no helmet)
rElec    .         Harm     .   (no cloak)
rCorr    .         Rampage  .   (no gloves)
Will     .....                  (no boots)
Stlth    ..........             (no amulet)
HPRegen  0.23/turn              q - +6 ring of strength
MPRegen  0.12/turn              n - +4 ring of evasion

@: no status effects
A: no striking features
a: Renounce Religion


You were on level 2 of the Abyss.
You worshipped Qazlal.
Qazlal was noncommittal.
You visited 2 branches of the dungeon, and saw 9 of its levels.
You visited the Abyss 1 time.

You collected 407 gold pieces.

Inventory:

Hand Weapons
 a - a +1 war axe (weapon)
 u - a +0 hand axe of venom
Missiles
 l - 2 throwing nets (quivered)
Armour
 b - a +0 scale mail (worn)
 c - a +0 kite shield (worn)
Jewellery
 h - a ring of protection from fire
 n - a +4 ring of evasion (right hand)
 q - a +6 ring of strength (left hand)
 t - a ring of flight
 w - a ring of resist corrosion
 y - an amulet of regeneration
Wands
 m - a wand of polymorph (7)
 s - a wand of digging (6)
 x - a wand of iceblast (1)
Scrolls
 e - 2 scrolls of fog
 k - 5 scrolls of identify
 o - 2 scrolls of teleportation
Potions
 d - 2 potions of might
 f - 2 potions of attraction
 g - 2 potions of heal wounds
 i - a potion of mutation
 j - 4 potions of berserk rage
 p - a potion of flight
 r - a potion of degeneration
 v - a potion of magic


   Skills:
 + Level 9.0 Fighting
 * Level 12.4 Axes
 - Level 3.2 Armour
 - Level 3.2 Shields
 + Level 1.9 Invocations


You had 8 spell levels left.
You didn't know any spells.
Your spell library contained the following spells:

 Spells                   Type           Power      Damage    Failure   Level
 Corona                   Hex            0%         N/A       99%         1
 Freeze                   Ice            0%         1d3       99%         1
 Magic Dart               Conj           0%         1d3       99%         1
 Blink                    Tloc           N/A        N/A       100%        2
 Call Imp                 Summ           0%         N/A       100%        2
 Ensorcelled Hibernation  Hex/Ice        0%         N/A       100%        2
 Slow                     Hex            0%         N/A       100%        2
 Confusing Touch          Hex            0%         N/A       100%        3
 Conjure Flame            Conj/Fire      0%         6-21      100%        3
 Dazzling Flash           Conj/Hex       0%         N/A       100%        3
 Frozen Ramparts          Ice            0%         1d2       100%        3
 Gell's Gravitas          Tloc           0%         N/A       100%        3
 Mephitic Cloud           Conj/Pois/Air  0%         N/A       100%        3
 Ozocubu's Armour         Ice            0%         N/A       100%        3
 Tukima's Dance           Hex            0%         N/A       100%        3
 Hailstorm                Conj/Ice       0%         3d3       100%        4
 Petrify                  Tmut/Erth      0%         N/A       100%        4
 Bolt of Magma            Conj/Fire/Erth 0%         4d4       100%        5
 Iskenderun's Battlesphe  Conj           0%         2d6       100%        5
 Metabolic Englaciation   Hex/Ice        0%         N/A       100%        5
 Yara's Violent Unravell  Hex/Tmut       0%         3d3       100%        5
 Iron Shot                Conj/Erth      0%         9d1       100%        6
 Orb of Destruction       Conj           0%         N/A       100%        7
 Spellforged Servitor     Conj/Summ      0%         N/A       100%        7


Dungeon Overview and Level Annotations

Branches:
Dungeon (8/15)             Temple (1/1) D:5
   Lair: D:8-11

Altars:
Ashenzari
Elyvilon
Fedhas
Gozag
Hepliaklqana
Nemelex Xobeh
Okawaru
Qazlal
Sif Muna
Trog
Uskayaw
Vehumet
Wu Jian
Xom
Yredelemnul
Zin

Shops:
D:3 =

Annotations:
D:8 Psyche


Message History

Qazlal accepts your kill.
You hit the flying skull. You slash the flying skull!
You block the flying skull's attack. x2; The flying skull hits you.
Your Fighting skill increases to level 9!
You are too injured to fight recklessly!
You are too injured to fight recklessly!
You are too injured to fight recklessly!
You are too injured to fight recklessly!
You closely miss the flying skull.
The flying skull is lightly damaged.
You barely miss the flying skull. You block the flying skull's attack.
The flying skull hits you! The flying skull closely misses you.
You block the flying skull's attack.
You are too injured to fight recklessly!
You are too injured to fight recklessly!
You miss the flying skull.
The flying skull is lightly damaged.
You closely miss the flying skull. The flying skull barely misses you.
The flying skull hits you. The flying skull hits you!
You miss the flying skull.
The flying skull is lightly damaged.
You hit the flying skull. The flying skull barely misses you.
You block the flying skull's attack.
The flying skull hits you but does no damage.
You slash the flying skull!
The flying skull is heavily damaged.
You miss the flying skull. You block the flying skull's attack.
The flying skull closely misses you. The flying skull hits you. x2
You miss the flying skull.
The flying skull is heavily damaged.
You barely miss the flying skull. The flying skull hits you!
* * * LOW HITPOINT WARNING * * *
You block the flying skull's attack. The flying skull closely misses you.
The flying skull hits you!
* * * LOW HITPOINT WARNING * * *
A starcursed mass splits.
The starcursed mass shrieks in your mind.
* * * LOW HITPOINT WARNING * * *
You block the flying skull's attack. The flying skull hits you!
You die...

## ###...
###.......
#....## . # #
##@##...#.
.#.# #z#z##
.. . .# #
##...#. . . #
#.
##.#.#....##.
. # #. .#...#
....#### #
......##.. ..
####. #
.###.#.. . ..
. . . ###
...#..... ...
. #.. ..#.X#
. . . #


You could see 2 flying skulls.

Vanquished Creatures
  2 flying skulls (Abyss:2)
  An orc warrior (D:7)
  3 ogres
  A hornet zombie (D:7)
  3 necrophages
  A phantom (D:6)
  A centaur (D:6)
  A bullfrog (D:7)
  Blork the orc (D:5)
  A wyvern skeleton (D:7)
  A centaur zombie (D:7)
  A bullfrog skeleton (D:5)
  A bullfrog zombie (D:7)
  A centaur skeleton (D:5)
  3 orc priests
  A gnoll shaman (D:7)
  A hound (D:5)
  Jessica (D:2)
  5 iguanas
  3 orc wizards
  A howler monkey zombie (D:6)
  13 gnolls
  4 adders
  A white imp (D:7)
  An ufetubus (D:5)
  A worm (D:2)
  2 dart slugs (D:2)
  15 orcs
  6 endoplasms
  A giant cockroach (D:2)
  5 goblins
  5 hobgoblins (D:1)
  6 jackals
  A quokka (D:4)
  9 ball pythons
  3 bats
  3 frilled lizards (D:2)
  5 kobolds
  7 rats
122 creatures vanquished.

Vanquished Creatures (others)
  3 plants (D:5)
3 creatures vanquished.

Grand Total: 125 creatures vanquished

Notes
Turn   | Place    | Note
-------+----------+-------------------------------------------
     0 | D:1      | kae the Hill Orc Fighter began the quest for the Orb.
     0 | D:1      | Reached XP level 1. HP: 19/19 MP: 1/1
    54 | D:1      | Reached skill level 3 in Axes
   292 | D:1      | Reached XP level 2. HP: 23/27 MP: 2/2
   397 | D:1      | Found a faded altar of an unknown god.
   839 | D:2      | Reached skill level 4 in Axes
   859 | D:2      | Reached XP level 3. HP: 30/33 MP: 3/3
  1528 | D:2      | Noticed Jessica
  1533 | D:2      | Killed Jessica
  1534 | D:2      | Reached skill level 5 in Axes
  1534 | D:2      | Reached XP level 4. HP: 41/41 MP: 4/4
  1951 | D:3      | Reached XP level 5. HP: 47/47 MP: 5/5
  1977 | D:3      | Found Uposigra's Jewellery Boutique.
  2252 | D:3      | Reached skill level 5 in Fighting
  2252 | D:3      | Reached skill level 6 in Axes
  2555 | D:4      | Found a bloodstained altar of Trog.
  2628 | D:4      | Noticed an ogre
  2636 | D:4      | Killed an ogre
  2637 | D:4      | Reached skill level 7 in Axes
  2637 | D:4      | Reached XP level 6. HP: 35/56 MP: 6/6
  2909 | D:4      | Found an opulent altar of Gozag.
  2988 | D:4      | Noticed a necrophage
  2994 | D:4      | Killed a necrophage
  3316 | D:5      | Entered Level 5 of the Dungeon
  3325 | D:5      | Found a staircase to the Ecumenical Temple.
  3393 | Temple   | Entered the Ecumenical Temple
  3576 | D:5      | Reached skill level 8 in Axes
  3576 | D:5      | Reached XP level 7. HP: 62/63 MP: 7/7
  4002 | D:5      | Noticed Blork the orc
  4010 | D:5      | Killed Blork the orc
  4011 | D:5      | Reached skill level 9 in Axes
  4358 | D:6      | Found a stormy altar of Qazlal.
  4376 | D:6      | Found a hide-covered altar of Uskayaw.
  4399 | D:6      | Reached XP level 8. HP: 50/73 MP: 8/8
  4528 | D:6      | Reached skill level 10 in Axes
  4781 | D:6      | Found an ornate altar of the Wu Jian Council.
  5305 | D:7      | Reached skill level 11 in Axes
  5815 | D:7      | Found a broken altar of Ashenzari.
  5820 | D:7      | Saw a vision of the Shoals and the Spider Nest.
  5820 | D:7      | Noticed a redback
  5820 | D:7      | Noticed a merfolk siren
  5820 | D:7      | Noticed a redback
  5820 | D:7      | Noticed a merfolk
  5820 | D:7      | Noticed a wolf spider
  5820 | D:7      | Noticed a sea snake
  5820 | D:7      | Noticed a sea snake
  5820 | D:7      | Noticed a wolf spider
  5820 | D:7      | Noticed a merfolk siren
  5820 | D:7      | Noticed a sea snake
  5820 | D:7      | Noticed a merfolk
  5820 | D:7      | Noticed a redback
  5821 | D:7      | Noticed a wolf spider
  5822 | D:7      | Noticed a hornet
  5983 | D:6      | Became a worshipper of Qazlal Stormbringer
  6070 | D:7      | Reached XP level 9. HP: 80/82 MP: 9/9
  6084 | D:7      | Reached skill level 12 in Axes
  6493 | D:8      | Found a sparkling altar of Nemelex Xobeh.
  6569 | D:8      | Noticed Psyche
  6609 | D:8      | Cast into level 2 of the Abyss (Psyche)
  6713 | Abyss:2  | Reached skill level 1 in Invocations
  6728 | Abyss:2  | Noticed a starcursed mass
  6730 | Abyss:2  | Slain by a flying skull

Illustrated notes

Levels and vault maps discovered:
D:1:      amcnicky_arrival_feature_with_door, layout_basic,
          basic_ecumenical_altar, minmay_ruptured
D:2:      layout_loops_cross, corner_web_ring, uniq_jessica
D:3:      layout_loops_ring, serial_shops,
          nicolae_shop_temple_entry_statues_fountains
D:4:      layout_rooms, grunt_gozag_breadcrumbs, amcnicky_altar_gilded,
          hex_tiny, minmay_misc_feat_encased
D:5:      layout_gridville, minmay_temple_entry_gardened_gates, serial_glass,
          glass_columns_c, glass_columns_a, uniq_blork_the_orc
D:6:      layout_basic, nicolae_overflow_crystal_walls,
          nzn_wu_jian_council_hall, nicolae_overflow_hidden_temple
D:7:      layout_basic, grunt_ashenzari_visionary
          [grunt_ashenzari_visionary_shoals, grunt_ashenzari_visionary_spider]
D:8:      layout_layer_cave, nemelex_spade_bored_becter,
          nzn_makhleb_speed_demon, cheibriados_altar_1,
          lemuel_zombie_altar_kikubaaqudgha, minmay_misc_feat_four_crosses,
          nrook_uturn, lemuel_flame_loot_1, uniq_psyche
Temple:   compressed_dpeg_triangle_lava_temple
Abyss:2:  base:
D:3

Skill      XL: |  1  2  3  4  5  6  7  8  9 |
---------------+----------------------------+-----
Axes           | 3 4 5 7 8 9 11 12 | 12.4
Fighting       | 4 5 6 7 8 9 |  9.0
Invocations    | 1 |  1.9
Armour         | |  3.2
Shields        | |  3.2

Action                   |  1- 3 |  4- 6 |  7- 9 || total
-------------------------+-------+-------+-------++-------
Melee: War axe           |    78 |   115 |   199 ||   392
Evoke: Wand              |       |     3 |     9 ||    12
  Use: Scroll            |     4 |     8 |     5 ||    17
Armor: Scale mail        |    28 |    30 |    38 ||    96
Dodge: Dodged            |    12 |    40 |    84 ||   136
Block: Kite shield       |    36 |    56 |   119 ||   211

Table legend: (Time is in decaauts)
 A = Elapsed time spent in this place.
 B = Non-inter-level travel time spent in this place.
 C = Inter-level travel time spent in this place.
 D = Time resting spent in this place.
 E = Time spent auto-exploring this place.
 F = Levels seen in this place.
 G = Mean time per level.
                   A        B        C        D        E       F      G
               +--------+--------+--------+--------+--------+-----+--------+
         Total |   6862 |   6585 |    277 |   1101 |   4451 |  10 |  686.2 |
       Dungeon |   6646 |   6385 |    261 |   1027 |   4362 |   8 |  830.8 |
        Temple |     93 |     77 |     16 |      0 |     67 |   1 |   93.0 |
         Abyss |    123 |    123 |      0 |     74 |     22 |   1 |  123.0 |
               +--------+--------+--------+--------+--------+-----+--------+

Top non-repeatable levels by time:
     D:7: 1147 daAuts
     D:6: 1027 daAuts
     D:2: 921 daAuts
     D:5: 920 daAuts
     D:1: 846 daAuts
     D:3: 844 daAuts
     D:4: 783 daAuts
     D:8: 155 daAuts
 Abyss:2: 123 daAuts
  Temple: 93 daAuts
